 Dungeon Crawl Stone Soup version 0.20-a0-1122-gb7cbeb9 (webtiles) character file.

2697 SedrickD the Grappler (level 9, 0/84 HPs)
             Began as a Troll Berserker on May 11, 2017.
             Was an Elder of Trog.
             Slain by a two-headed ogre
             ... wielding a +0 giant spiked club
              (16 damage)
             ... on level 9 of the Dungeon.
             The game lasted 00:32:41 (3606 turns).

SedrickD the Grappler (Troll Berserker)             Turns: 3606, Time: 00:32:44

Health: 0/84       AC:  5    Str: 27 (28) XL:     9   Next: 38%
Magic:  8/8        EV: 12    Int:  3      God:    Trog [****..]
Gold:   404        SH:  0    Dex: 11      Spells: 8/8 levels left

rFire    . . .     SeeInvis +     - Unarmed
rCold    + . .     Gourm    +   (no shield)
rNeg     . . .     Faith    .   a - +0 animal skin
rPois    .         Spirit   .   (helmet restricted)
rElec    .         Reflect  .   (no cloak)
rCorr    .         Harm     .   (gloves unavailable)
MR       .....                  (boots unavailable)
Stlth    +.........             u - amulet of regeneration
Regen    1.1/turn               j - ring of protection from cold
MPRegen  0.2/turn               x - ring of see invisible

@: no status effects
A: unfitting armour, claws 3, fast metabolism 3, gourmand, regeneration 1,
shaggy fur 1, tough skin 2
a: Berserk, Trog's Hand, Brothers in Arms, Burn Spellbooks, Renounce Religion


You were on level 9 of the Dungeon.
You worshipped Trog.
Trog was greatly pleased with you.
You were very hungry.

You visited 1 branch of the dungeon, and saw 9 of its levels.

You collected 404 gold pieces.

Inventory:

Hand Weapons
 o - a +0 hunting sling
Missiles
 c - 37 bolts
 k - 40 arrows
 p - 57 stones (quivered)
 B - a throwing net
Armour
 a - a +0 animal skin (worn)
 h - a +2 robe of the Archmagi
 i - a +0 robe
 t - a +0 animal skin
Jewellery
 j - a ring of protection from cold (left claw)
 u - an amulet of regeneration (around neck)
 x - a ring of see invisible (right claw)
Wands
 y - a wand of enslavement (1/24)
Scrolls
 w - 2 scrolls of teleportation
 C - a scroll of fear {unknown}
Potions
 d - a potion of resistance {unknown}
 e - a potion of cancellation
 f - a potion of brilliance {unknown}
 g - 2 potions of lignification
 l - 2 potions of heal wounds
 m - 6 potions of agility
 n - 2 potions of curing
 r - 2 potions of flight {unknown}
 A - a potion of haste {unknown}
Comestibles
 b - 2 bread rations
 q - 6 chunks of flesh
 s - 4 meat rations
 v - 2 royal jellies
 z - 2 fruits


   Skills:
 + Level 3.9 Fighting
 + Level 3.1 Throwing
 + Level 6.2 Dodging
 + Level 1.0 Stealth
 + Level 9.8 Unarmed Combat
 + Level 0.3 Evocations


You had 8 spell levels left.
You didn't know any spells.

Dungeon Overview and Level Annotations

Branches:
Dungeon (9/15)
 Temple: D:4-7         Lair: D:8-11         Orc: D:9-12

Altars:
Fedhas
Xom


Innate Abilities, Weirdness & Mutations

You are too large for most types of armour.
You have claws for hands.
Your metabolism is lightning-fast.
You like to eat raw meat.
Your natural rate of healing is unusually fast.
You are covered in fur. (AC +1)
You have very tough skin. (AC +2)


Message History

The two-headed ogre is heavily wounded.
The gnoll closely misses you. The gnoll hits you with a spear!
You claw the two-headed ogre!
The two-headed ogre is severely wounded.
The gnoll sergeant barely misses you. The two-headed ogre barely misses you.
The two-headed ogre hits you with a giant club!!
The gnoll hits you with a spear.
* * * LOW HITPOINT WARNING * * *
The gnoll hits you from afar with a halberd.
* * * LOW HITPOINT WARNING * * *
Aiming: Enslavement (will waste charges)
Press: ? - help, Shift-Dir - straight line, f - two-headed ogre
Aim: a two-headed ogre, wielding a giant spiked club and a giant club (severely wounded, chance to defeat MR: 29%)
The two-headed ogre easily resists.
Evoking this partially-identified wand wasted a few charges.
The gnoll sergeant hits you but does no damage.
The gnoll hits you with a spear!
* * * LOW HITPOINT WARNING * * *
The two-headed ogre hits you with a giant spiked club!
You die...

#.#.#.#.##..# .
5#.#$#.#.##.# #
#.#.#.#.###.##
.#.#.#.#.##..#
#.#.#.#.####.##
.#.#.#.#.# #..#
#.#.#.#.##
##.##
.#.#?#5#.# #..#
#.#.#.#.## ##@#
.#.#.#.#.# #Og#
#.#.#.#.#.##


ggg# .#.#.#.#.#.# ..g.. #.#.#.#.#.## ......# .#.#.#.#.#.#...?...#
#.#.#.#.#.##........ .#.#.#.#.#.#......#.# #.#.#.#.#.## You could see a
two-headed ogre, a gnoll sergeant and 4 gnolls.

Vanquished Creatures
  Prince Ribbit (D:5)
  Sigmund (D:4)
  2 wyverns
  A hungry ghost (D:8)
  Edmund (D:5)
  An ice beast (D:5)
  A sky beast (D:8)
  2 ogres
  2 phantoms
  2 big kobolds (D:8)
  2 bullfrogs
  4 scorpions
  A killer bee (D:8)
  2 howler monkeys
  6 crimson imps
  2 centaur zombies (D:6)
  A centaur skeleton (D:5)
  2 orc wizards (D:3)
  2 bullfrog skeletons
  A gnoll shaman (D:6)
  4 worker ants
  A worker ant zombie (D:5)
  Robin (D:4)
  3 adders
  9 gnolls
  2 oozes
  An adder skeleton (D:7)
  4 worms
  2 dart slugs
  2 leopard geckos
  13 orcs
  A giant cockroach (D:3)
  14 goblins
  8 hobgoblins
  5 jackals
  3 quokkas
  7 bats
  13 kobolds
  A quokka skeleton (D:4)
  3 rats
  A fungus (D:5)
135 creatures vanquished.

Vanquished Creatures (others)
  A kobold (D:8)
  14 fungi (D:5)
15 creatures vanquished.

Grand Total: 150 creatures vanquished

Notes
Turn   | Place    | Note
-------+----------+-------------------------------------------
     0 | D:1      | SedrickD the Troll Berserker began the quest for the Orb.
     0 | D:1      | Reached XP level 1. HP: 22/22 MP: 0/0
   243 | D:1      | Reached XP level 2. HP: 29/29 MP: 1/1
   596 | D:2      | Reached XP level 3. HP: 33/36 MP: 2/2
   831 | D:2      | Reached ** piety under Trog
   929 | D:2      | Reached XP level 4. HP: 44/44 MP: 3/3
  1442 | D:3      | Reached skill level 4 in Unarmed Combat
  1661 | D:3      | Reached XP level 5. HP: 53/53 MP: 4/4
  1801 | D:4      | Noticed Sigmund
  1818 | D:4      | Killed Sigmund
  1818 | D:4      | Reached skill level 1 in Throwing
  1818 | D:4      | Reached skill level 5 in Unarmed Combat
  1818 | D:4      | Reached XP level 6. HP: 29/61 MP: 5/5
  1943 | D:4      | Noticed Robin
  1970 | D:4      | Killed Robin
  2112 | D:5      | Entered Level 5 of the Dungeon
  2120 | D:5      | Noticed Edmund
  2135 | D:5      | Killed Edmund
  2135 | D:5      | Reached XP level 7. HP: 50/67 MP: 6/6
  2144 | D:5      | Reached *** piety under Trog
  2144 | D:5      | Reached skill level 6 in Unarmed Combat
  2361 | D:5      | Reached skill level 5 in Dodging
  2390 | D:5      | Noticed Prince Ribbit
  2439 | D:5      | Reached skill level 7 in Unarmed Combat
  2574 | D:5      | Killed Prince Ribbit
  2574 | D:5      | Reached XP level 8. HP: 72/75 MP: 7/7
  2594 | D:6      | Found a blossoming altar of Fedhas.
  2595 | D:6      | Found a shimmering altar of Xom.
  2828 | D:6      | Reached skill level 8 in Unarmed Combat
  3108 | D:7      | Reached **** piety under Trog
  3233 | D:8      | Reached XP level 9. HP: 67/84 MP: 8/8
  3298 | D:8      | Reached skill level 9 in Unarmed Combat
  3555 | D:9      | Reached skill level 1 in Stealth
  3563 | D:9      | Noticed a two-headed ogre
  3592 | D:9      | Noticed a two-headed ogre
  3606 | D:9      | Slain by a two-headed ogre

Vault maps used:
D:1:      mrwooster_arrival_statue, item_on_display_a
D:2:      first_bread
D:4:      minmay_temple_entry_nine_rooms, kennysheep_boxes, uniq_robin,
          uniq_sigmund
D:5:      old_forge, uniq_prince_ribbit1, uniq_edmund
D:6:      grunt_temple_overflow_open

Skill      XL: |  1  2  3  4  5  6  7  8  9 |
---------------+----------------------------+-----
Dodging        | 3 4 5 6 |  6.2
Unarmed Combat | 4 5 7 8 9 |  9.8
Fighting       | 3 |  3.9
Throwing       | 1 2 3 |  3.1
Stealth        | 1 |  1.0
Evocations     | |  0.3

Action                   |  1- 3 |  4- 6 |  7- 9 || total
-------------------------+-------+-------+-------++-------
Melee: Unarmed           |    75 |   104 |   246 ||   425
       Punch             |       |     5 |    12 ||    17
Throw: Stone             |       |    20 |    37 ||    57
Invok: Burn Spellbooks   |       |       |     1 ||     1
       Berserk           |       |       |     1 ||     1
       Brothers in Arms  |       |       |     1 ||     1
Evoke: Wand              |       |       |     3 ||     3
  Use: Scroll            |     7 |     5 |     4 ||    16
       Potion            |       |     4 |     4 ||     8
  Eat: Chunk             |     1 |     8 |    18 ||    27
       Bread ration      |     1 |     1 |       ||     2
Armor: Animal skin       |    41 |    19 |    53 ||   113
       Skin              |       |    66 |    13 ||    79
Dodge: Dodged            |    55 |    46 |   142 ||   243
